 Dungeon Crawl Stone Soup version 0.30-a0-870-gc5d4c5acee (webtiles) character file.

Game seed: 5410308229615491211

4135 cforsyth the Protected (level 10, 0/68 (83) HPs)
             Began as a Barachi Fighter on Mar 12, 2023.
             Was a Believer of Cheibriados.
             Slain by a wight
             ... wielding a +0 great sword
              (4 damage)
             ... on level 8 of the Dungeon.
             The game lasted 00:14:00 (7555 turns).

cforsyth the Protected (Barachi Fighter)            Turns: 7555, Time: 00:14:01

HP:   0/68 (83)     AC: 13    Str: 27    XL:     10   Next: 27%
MP:   11/11         EV: 10    Int: 20    God:    Cheibriados [**....]
Gold: 344           SH:  6    Dex: 16    Spells: 11/11 levels left

rFire   . . .      SeeInvis .    a - +0 war axe
rCold   . . .      Faith    .    c - +0 buckler
rNeg    . . .      Spirit   .    u - +0 swamp dragon scales
rPois   +          Reflect  .    y - +2 hat
rElec   .          Rampage  .    (no cloak)
rCorr   .                        D - +0 pair of gloves
Will    +....                    (no boots)
Stlth   +                        e - amulet of regeneration
HPRegen 1.11/turn                h - ring of willpower
MPRegen 0.12/turn                o - +6 ring of intelligence

@: heavily drained, very slow
A: amphibious, slowness 1, strong legs 1, +LOS
a: Hop, Renounce Religion, Bend Time


You were on level 8 of the Dungeon.
You worshipped Cheibriados.
Cheibriados was pleased with you.
You visited 2 branches of the dungeon, and saw 9 of its levels.
You also visited: Sewer.

You collected 344 gold pieces.

Inventory:

Hand Weapons
 a - a +0 war axe (weapon)
Missiles
 J - a throwing net
Armour
 b - a +0 scale mail
 c - a +0 buckler (worn)
 u - +0 swamp dragon scales (worn)
 y - a +2 hat (worn)
 D - a +0 pair of gloves (worn)
Jewellery
 e - an amulet of regeneration (around neck)
 h - a ring of willpower (left hand)
 o - a +6 ring of intelligence (right hand)
 G - a ring of willpower
 I - a ring of protection from cold
 K - a +6 ring of dexterity
Wands
 L - a wand of roots (6)
Scrolls
 r - 2 scrolls of magic mapping {unknown}
 s - 2 scrolls of fear {unknown}
 v - a scroll of poison {unknown}
 w - 3 scrolls of amnesia {unknown}
 A - 2 scrolls of fog {unknown}
 B - a scroll of silence {unknown}
 E - 2 scrolls of vulnerability {unknown}
 F - a scroll of identify
Potions
 d - a potion of might
 f - 3 potions of lignification
 g - 3 potions of attraction
 j - a potion of brilliance {unknown}
 k - 2 potions of magic
 l - 3 potions of invisibility
 m - a potion of flight {unknown}
 n - a potion of heal wounds
 p - 2 potions of curing {unknown}
 q - a potion of cancellation {unknown}
 t - a potion of ambrosia {unknown}
 x - 2 potions of mutation
 z - 2 potions of resistance {unknown}
 C - a potion of degeneration {unknown}
 H - a potion of berserk rage {unknown}


   Skills:
 - Level 9.3 Fighting
 + Level 8.3 Axes
 - Level 9.4 Armour
 - Level 8.6 Shields
 + Level 1.0 Spellcasting
 + Level 1.2 Ice Magic


You had 11 spell levels left.
You didn't know any spells.
Your spell library contained the following spells:

 Spells                   Type           Power      Damage    Failure   Level
 Freeze                   Ice            24%        1d4       19%         1
 Cigotuvi's Dreadful Rot  Necr/Pois/Air  2%         N/A       41%         2
 Lesser Beckoning         Tloc           2%         N/A       41%         2
 Poisonous Vapours        Pois/Air       2%         N/A       41%         2
 Frozen Ramparts          Ice            12%        1d2       47%         3
 Hailstorm                Conj/Ice       3%         3d3       56%         3
 Gell's Gravitas          Tloc           1%         N/A       65%         3
 Mephitic Cloud           Conj/Pois/Air  1%         N/A       65%         3
 Stone Arrow              Conj/Erth      2%         3d7       65%         3
 Summon Guardian Golem    Hex/Summ       1%         N/A       65%         3
 Teleport Other           Tloc           1%         N/A       65%         3
 Animate Armour           Summ/Erth      2%         N/A       96%         4
 Dispel Undead            Necr           1%         3d6       96%         4
 Death Channel            Necr           0%         N/A       100%        6
 Orb of Destruction       Conj           0%         9d5       100%        7
 Spellforged Servitor     Conj/Summ      0%         N/A       100%        7
 Lehudib's Crystal Spear  Conj/Erth      0%         10d2      100%        8


Dungeon Overview and Level Annotations

Branches:
Dungeon (8/15)             Temple (1/1) D:6           Sewer (visited)
   Lair: D:8-11

Altars:
Cheibriados
Dithmenos
Elyvilon
Gozag
Kikubaaqudgha
Makhleb
Nemelex Xobeh
Okawaru
Qazlal
Ru
Uskayaw
Vehumet
Wu Jian
Xom
Yredelemnul
Zin
The Shining One
Lugonu

Shops:
D:2 (


Innate Abilities, Weirdness & Mutations

You are amphibious.
You cover ground slowly.
You can hop short distances.
You have an extended range of vision and can be seen from far away.


Message History

Your Spellcasting skill increases to level 1!
You hit the wight.
The wight is lightly damaged.
The wight hits you with a +0 great sword!
You feel drained.
You barely miss the wight.
The wight is lightly damaged.
The wight closely misses you.
You barely miss the wight.
The wight is lightly damaged.
The wight closely misses you.
You hit the wight.
The wight is lightly damaged.
The wight hits you with a +0 great sword!
The wight completely misses you.
You barely miss the wight.
The wight is lightly damaged.
The wight hits you with a +0 great sword!
You hit the wight.
The wight is moderately damaged.
The wight hits you with a +0 great sword!
You feel drained.
* * * LOW HITPOINT WARNING * * *
You are too injured to fight recklessly!
You are too injured to fight recklessly!
You are too injured to fight recklessly!
You are too injured to fight recklessly!
You are too injured to fight recklessly!
You are too injured to fight recklessly!
You are too injured to fight recklessly!
You are too injured to fight recklessly!
You hit the wight.
The wight is severely damaged.
The wight hits you but does no damage.
You closely miss the wight.
The wight is severely damaged.
The wight hits you with a +0 great sword!
* * * LOW HITPOINT WARNING * * *
You feel drained.
You die...

...##......<..#
.........))..#
.##.........#
###.......#
##......#
#.......#
##..).#.#
...#.####....#.#
......!)@.....##
.......z.###...#
.......... ....#
............##...
..###..###..
....# . ### #..
.=### ####.##


You could see a wight.

Vanquished Creatures
  Maggie (D:7)
  A hornet (D:5)
  Grinder (D:4)
  A wyvern (D:7)
  2 steam dragons
  A water moccasin (D:8)
  Duvessa (D:4)
  Pargi (Sewer)
  An orc warrior (D:6)
  An ice beast (D:6)
  2 sky beasts (D:7)
  4 ogres
  A phantom (D:5)
  A bullfrog (D:7)
  A gnoll sergeant (D:7)
  2 scorpions
  8 wights
  Dowan (D:4)
  6 killer bees
  5 howler monkeys (D:7)
  4 hounds
  A gnoll bouda (D:7)
  5 orc priests (D:7)
  4 iguanas
  2 orc wizards
  10 gnolls
  A river rat (D:3)
  14 adders
  A white imp (D:6)
  4 worms
  A dart slug (D:3)
  14 orcs
  5 endoplasms
  5 giant cockroaches
  11 goblins
  7 hobgoblins
  4 jackals (D:4)
  8 quokkas
  10 ball pythons
  4 bats
  3 frilled lizards
  6 kobolds
  5 rats
171 creatures vanquished.

Vanquished Creatures (others)
  2 plants (D:6)
2 creatures vanquished.

Grand Total: 173 creatures vanquished

Notes
Turn   | Place    | Note
-------+----------+-------------------------------------------
     0 | D:1      | cforsyth the Barachi Fighter began the quest for the Orb.
     0 | D:1      | Reached XP level 1. HP: 18/18 MP: 1/1
   312 | D:1      | Reached XP level 2. HP: 22/25 MP: 2/2
   685 | D:2      | Reached XP level 3. HP: 27/30 MP: 3/3
   889 | D:2      | Found Imunasta's Weapon Shoppe.
   921 | D:2      | Reached XP level 4. HP: 37/37 MP: 4/4
  1018 | D:2      | Found a faded altar of an unknown god.
  1353 | D:3      | Reached XP level 5. HP: 29/43 MP: 5/5
  1470 | D:3      | Found a glowing drain.
  1474 | Sewer    | Entered a sewer
  1526 | Sewer    | Noticed Pargi
  2131 | Sewer    | Killed Pargi
  2132 | Sewer    | Reached skill level 5 in Fighting
  2132 | Sewer    | Reached skill level 5 in Armour
  2132 | Sewer    | Reached XP level 6. HP: 40/51 MP: 6/6
  3008 | D:4      | Noticed Grinder
  3028 | D:4      | Killed Grinder
  3029 | D:4      | Reached skill level 5 in Shields
  3029 | D:4      | Reached XP level 7. HP: 27/56 MP: 7/7
  3061 | D:4      | Noticed Dowan
  3061 | D:4      | Noticed Duvessa
  3096 | D:4      | Killed Duvessa
  3317 | D:4      | Killed Dowan
  3644 | D:4      | Identified the +2 spear of the Shining Light {protect,
                  | rPois}
  3733 | D:4      | Reached skill level 5 in Axes
  3994 | D:5      | Entered Level 5 of the Dungeon
  3994 | D:5      | Noticed a hornet
  4121 | D:5      | Reached XP level 8. HP: 15/65 MP: 8/8
  4554 | D:5      | Killed a hornet
  4560 | D:5      | HP: 3/65 [poisoned by an adder]
  4624 | D:5      | Found a burning altar of Makhleb.
  5044 | D:6      | Found an iron altar of Okawaru.
  5154 | D:6      | Found an ancient bone altar of Kikubaaqudgha.
  5260 | D:6      | Found a staircase to the Ecumenical Temple.
  5282 | Temple   | Entered the Ecumenical Temple
  5390 | D:6      | Found a sacrificial altar of Ru.
  5390 | D:6      | Found a snail-covered altar of Cheibriados.
  5397 | D:6      | Reached XP level 9. HP: 72/72 MP: 9/9
  5403 | D:6      | Became a worshipper of Cheibriados the Contemplative
  6009 | D:7      | Reached * piety under Cheibriados
  6013 | D:7      | Noticed Maggie
  6030 | D:7      | Killed Maggie
  6171 | D:7      | HP: 3/75 [killer bee (2)]
  6434 | D:7      | Reached XP level 10. HP: 70/82 MP: 10/10
  6664 | D:7      | Reached ** piety under Cheibriados
  6858 | D:7      | Found a glowing silver altar of Zin.
  6858 | D:7      | Found a glowing golden altar of the Shining One.
  6859 | D:7      | Found a white marble altar of Elyvilon.
  7525 | D:8      | Reached skill level 1 in Ice Magic
  7548 | D:8      | Reached skill level 1 in Spellcasting
  7555 | D:8      | Slain by a wight

Illustrated notes

Levels and vault maps discovered:
D:1:      eino_arrival_cavern_d, layout_rooms, chequers_mini_garden,
          due_unseen_surprise
D:2:      layout_basic, hellmonk_ecumenical_altar_arch_garden, serial_shops,
          nicolae_lakefront_shop
D:3:      mumra_celtic_spiral_tile, layout_rooms, gup_sewer_entry_bowl,
          kennysheep_pointless_box, chequers_serial_rivers_micro_e
D:4:      layout_basic, uniq_grinder, uniq_duvessa
D:5:      layout_basic, mainiacjoe_overflow_brackets
D:6:      layout_basic, okawaru_metal_pillars_1_2, general_overflow_altar,
          gammafunk_temple_overflow_pools, minmay_temple_entry_gardened_gates
D:7:      layout_gridville, good_gods_temple_1, david_defended_altar_orc,
          uniq_maggie
D:8:      layout_cave_pools, nzn_overflow_gifts_of_might_and_magic,
          mainiacjoe_overflow_24_doors, fedhas_altar_fruit_tree, uniq_erica
Temple:   corrupted_temple

Skill      XL: |  1  2  3  4  5  6  7  8  9 10 |
---------------+-------------------------------+-----
Armour         | 4 5 6 7 9 |  9.4
Fighting       | 4 5 6 7 9 |  9.3
Axes           | 3 4 5 6 7 8 |  8.3
Shields        | 4 5 6 8 |  8.6
Ice Magic      | 1 |  1.2
Spellcasting   | 1 |  1.0

Action                     |  1- 3 |  4- 6 |  7- 9 | 10-12 || total
---------------------------+-------+-------+-------+-------++-------
  Melee: War axe           |   104 |   206 |   367 |   134 ||   811
    Use: Scroll            |       |     5 |     2 |     1 ||     8
         Potion            |       |       |     7 |       ||     7
   Stab: Invisible         |       |       |     8 |       ||     8
 Armour: Scale mail        |    52 |   135 |   141 |       ||   328
         Swamp dragon scal |       |       |    66 |    79 ||   145
  Dodge: Dodged            |    51 |   151 |   215 |    80 ||   497
  Block: Buckler           |    30 |    76 |   112 |    64 ||   282

Table legend: (Time is in decaauts)
 A = Elapsed time spent in this place.
 B = Non-inter-level travel time spent in this place.
 C = Inter-level travel time spent in this place.
 D = Time resting spent in this place.
 E = Time spent auto-exploring this place.
 F = Levels seen in this place.
 G = Mean time per level.
                   A        B        C        D        E       F      G
               +--------+--------+--------+--------+--------+-----+--------+
         Total |   9275 |   8829 |    446 |   1021 |   5492 |  10 |  927.5 |
       Dungeon |   8267 |   7835 |    432 |    494 |   5215 |   8 | 1033.4 |
        Temple |     63 |     49 |     14 |      0 |     42 |   1 |   63.0 |
         Sewer |    945 |    945 |      0 |    527 |    235 |   1 |  945.0 |
               +--------+--------+--------+--------+--------+-----+--------+

Top non-repeatable levels by time:
     D:7: 1849 daAuts
     D:3: 1237 daAuts
     D:4: 1177 daAuts
     D:6: 1003 daAuts
   Sewer: 945 daAuts
     D:5: 920 daAuts
     D:1: 761 daAuts
     D:2: 737 daAuts
     D:8: 580 daAuts
  Temple: 63 daAuts
